 Dungeon Crawl Stone Soup version 0.30.1-9-gdf580d7c3d (webtiles) character file.

Game seed: 2828747630714942246

551666 mortz the Eclecticist (level 27, -13/193 HPs)
             Began as a Djinni Conjurer on Sept 17, 2023.
             Was the Champion of Lugonu.
             Mangled by a wolf spider simulacrum (30 damage)
             ... on level 7 of a ziggurat on Sept 25, 2023.
             The game lasted 11:19:52 (49114 turns).

mortz the Eclecticist (Djinni Conjurer)            Turns: 49114, Time: 11:19:52

Health: -13/193    AC: 17    Str:  5 (8)  XL:     27
Gold:   4340       EV: 18    Int: 25 (27) God:    Lugonu [******] SH: 15 Dex: 17 (19)

rFire   + + .        a - staff of air "Gojies" {rElec Dex+2}
rCold   . . .        G - +2 kite shield {reflect}
rNeg    . . .        t - +4 troll leather armour
rPois   ∞            D - +2 hat {SInv}
rElec   +            T - +2 cloak of the Thief {*Fog Slay-2 SInv Stlth+}
rCorr   .            p - +2 pair of gloves "Duoquow" {Regen+}
SInv    +            (boots unavailable)
Will    ++...        O - amulet of regeneration
Stlth   ++++++       r - +4 ring of protection
HPRegen 2.92/turn    Q - ring of protection from cold
MPRegen 0.00/turn

%: reflection, infuse magic (-14 HP)
@: spiked, corroded, flying, slowed, studying 2 skills, very slow
A: sickness immunity, fire resistance 2, cold vulnerability 1, float, innate
caster, HP casting, extra vitality 1, deformed body, subdued magic 1
}: 3/15 runes: decaying, serpentine, silver
a: Renounce Religion, Depart the Abyss, Banish, Corrupt, Enter the Abyss, Brand
Weapon With Distortion


You were on level 7 of a ziggurat.
You worshipped Lugonu.
Lugonu was exalted by your worship.
You visited 9 branches of the dungeon, and saw 40 of its levels.
You visited the Abyss 1 time.
You visited 1 bazaar.
You visited 1 ziggurat, and saw 7 of its levels.
You also visited: Trove, Sewer and Wizlab.

You collected 5567 gold pieces.
You spent 1227 gold pieces at shops.

Inventory:

Hand Weapons
 b - the +7 dagger "Kush" {spect, rElec Will+ Int+2}
   (You found it on level 5 of the Dungeon)

   Int:       It affects your intelligence (+2).
   rElec:     It insulates you from electricity.
   Will:      It increases your willpower.
 H - a +9 quick blade of holy wrath
Armour
 p - the +2 pair of gloves "Duoquow" (worn) {Regen+}
   (You found it on level 2 of the Dungeon)

   Regen:     It increases your rate of health regeneration.
 q - the +4 Cigotuvi's embrace {Corpsefed rMiasma Drain rN+}
   (You found it on level 1 of the Depths)

   Corpsefed: It gathers nearby corpses to temporarily increase the armour it
   provides.
   rMiasma:   It protects you from foul pestilence.
   rN:        It protects you from negative energy.
   Drain:     It drains your maximum health when unequipped.
 t - a +4 troll leather armour (worn)
 D - a +2 hat of see invisible (worn)
 G - a +2 kite shield of reflection (worn)
 T - the +2 cloak of the Thief (worn) {*Fog Slay-2 SInv Stlth+}
   (You found it on level 3 of the Elven Halls)

   *Fog:      It may release a thick cloud of smoke when the wearer is hurt.
   Slay:      It affects your accuracy & damage with ranged weapons and melee
   (-2).
   SInv:      It lets you see invisible.
   Stlth:     It makes you more stealthy.
Magical Staves
 a - the staff of air "Gojies" (weapon) {rElec Dex+2}
   (You took it off a deep elf annihilator on level 3 of the Elven Halls)

   [staff of air]

   Your inability to study Air Magic prevents you from drawing on the full power
   of this staff in melee.
   Base accuracy: +5 Base damage: 5 Base attack delay: 1.2 This weapon's minimum
   attack delay (0.6) is reached at skill level 12.
   Dex:       It affects your dexterity (+2).
   rElec:     It insulates you from electricity.
   It falls into the 'Staves' category.
   It is a one-handed weapon.
Jewellery
 c - a ring of see invisible
 g - an amulet of faith
 i - a ring of protection from cold
 l - a +6 ring of strength
 r - a +4 ring of protection (left hand)
 O - an amulet of regeneration (around neck)
 Q - a ring of protection from cold (right hand)
 W - the ring "Keuvvuus" {rElec rF++ rCorr EV+5 Stlth-}
   (You found it on level 1 of the Depths)

   [ring of evasion]

   EV:        It affects your evasion (+5).
   rF:        It greatly protects you from fire.
   rElec:     It insulates you from electricity.
   rCorr:     It protects you from acid and corrosion.
   Stlth:     It makes you less stealthy.
Wands
 j - a wand of acid (32)
 s - a wand of polymorph (35)
 w - a wand of mindburst (33)
 F - a wand of paralysis (91)
 I - a wand of flame (83)
 S - a wand of digging (3)
 U - a wand of roots (85)
Scrolls
 e - 3 scrolls of blinking
 f - 2 scrolls of enchant weapon
 h - 19 scrolls of teleportation
 m - 2 scrolls of enchant armour
 o - 5 scrolls of vulnerability
 x - 8 scrolls of identify
 C - 3 scrolls of fear
 E - 2 scrolls of summoning
 M - 9 scrolls of fog
 P - 9 scrolls of magic mapping
 X - 7 scrolls of poison
 Z - 2 scrolls of immolation
Potions
 d - 18 potions of curing
 k - 7 potions of resistance
 n - 4 potions of cancellation
 u - 3 potions of haste
 v - 4 potions of heal wounds
 z - a potion of invisibility
 A - 13 potions of brilliance
 N - 3 potions of ambrosia
 R - a potion of berserk rage
 Y - 5 potions of lignification


   Skills:
 - Level 16.2 Fighting
 + Level 9.9(11.3) Short Blades
 - Level 8.9(10.8) Long Blades
 - Level 11.6 Armour
 - Level 15.4 Dodging
 - Level 12.0 Stealth
 + Level 14.2 Shields
 * Level 19.8 Spellcasting
 + Level 18.4 Invocations
 + Level 19.2 Evocations


You knew the following spells:

 Your Spells              Type           Power      Damage    Failure   Level
a - Magic Dart            Conj           100%       1d8       0%          1
b - Searing Ray           Conj           100%       2d8       0%          2
c - Iskenderun's Mystic   Conj/Tloc      77%        2d15      0%          4
d - Fulminant Prism       Conj/Hex       38%        3d18      0%          4
e - Dazzling Flash        Conj/Hex       100%       N/A       0%          3
f - Freezing Cloud        Conj/Ice/Air   48%        6-21      1%          5
g - Blink                 Tloc           100%       N/A       0%          2
h - Haunt                 Necr/Summ      38%        N/A       1%          7
i - Frozen Ramparts       Ice            100%       1d16      0%          3
j - Kiss of Death         Conj/Necr      100%       2d13      0%          1
k - Alistair's Intoxicat  Tmut/Pois      51%        N/A       1%          5
l - Dispersal             Tloc           38%        N/A       1%          6
m - Malign Gateway        Summ/Tloc      38%        N/A       1%          7
n - Wereblood             Tmut           77%        N/A       0%          2
o - Orb of Destruction    Conj           38%        9d11      1%          7
p - Necromutation         Tmut/Necr      38%        N/A       14%         8
q - Chain Lightning       Conj/Air       48%        3d64      93%         9
s - Starburst             Conj/Fire      38%        6d11      1%          6
Your spell library was empty.

Dungeon Overview and Level Annotations

Branches:
Dungeon (15/15) Zot: 24512  Temple (1/1) D:4 Zot: 5812    Lair (5/5) D:9 Zot: 22631
  Swamp (4/4) Lair:3 Zot: 20375   Snake (4/4) Lair:2 Zot: 18853   Slime (0/5) Lair:4
    Orc (2/2) D:10 Zot: 10386     Elf (3/3) Orc:2 Zot: 13233  Vaults (5/5) D:14 Zot: 21467
  Crypt (0/3) Vaults:3     Depths (1/4) D:15 Zot: 4638   Sewer (visited)
 WizLab (visited)

Altars:
Ashenzari
Cheibriados
Dithmenos
Elyvilon
Fedhas
Gozag
Hepliaklqana
Makhleb
Nemelex Xobeh
Okawaru
Qazlal
Ru
Trog
Uskayaw
Wu Jian
Xom
Yredelemnul
Zin
The Shining One

Shops:
D:2 (   D:9 *   D:11 *   D:12 *?:   D:14 *   Orc:2 [:*[:   Snake:1 !
Snake:3 (   Snake:4 [!=   Vaults:3 ?   Vaults:4 [

Portals:
Hell: Depths:1

Annotations:
D:13 2 transporters
Lair:5 2 transporters, Kranky's ghost, journeyman MiBe


Innate Abilities, Weirdness & Mutations

You are immune to sickness and miasma.
You are immune to poison.
Your flesh is very heat resistant. (rF++)
You are vulnerable to cold. (rC-)
You float through the air rather than walking.
You learn spells naturally, not from books.
Your magical power is your life essence.
You have superior vitality. (+4 MHP)
Armour fits poorly on your strangely shaped body.
Your spells are a little easier to cast, but a little less powerful.


Message History

The ghost moth misses you. The ghost moth closely misses you.
The ghost moth stares at you.
The ghost moth hits you but does no damage.
The ghost moth completely misses you. The ghost moth closely misses you.
The emperor scorpion completely misses you.
The emperor scorpion claws you but does no damage.
The emperor scorpion misses you. The entropy weaver closely misses you.
The entropy weaver hits you but does no damage.
The entropy weaver barely misses you. The entropy weaver misses you.
The wolf spider simulacrum barely misses you.
The wolf spider simulacrum bites you but does no damage.
The ghost moth stares at you.
The ghost moth hits you but does no damage.
You block the ghost moth's attack. The ghost moth misses you.
The ghost moth hits you but does no damage.
The ghost moth closely misses you. The ghost moth barely misses you.
The torpor snail bites you.
* * * LOW HITPOINT WARNING * * *
Press: ? - help, Shift-Dir - straight line, f/p - emperor scorpion
Aim: an emperor scorpion (moderately wounded, soul bound, misshapen and mutated, chance to affect: 78%)
The emperor scorpion is devoured by a tear in reality.
Lugonu claims a new guest.
You block the entropy weaver's attack. x2; The entropy weaver misses you.
The entropy weaver hits you but does no damage.
You block the wolf spider simulacrum's attack.
The wolf spider simulacrum bites you but does no damage.
The ghost moth stares at you. The ghost moth barely misses you.
The ghost moth hits you!
* * * LOW HITPOINT WARNING * * *
You feel dopey. The ghost moth barely misses you.
You block the ghost moth's attack. x2
The ghost moth completely misses you. The entropy weaver hits you!
* * * LOW HITPOINT WARNING * * *
The entropy weaver hits you!
* * * LOW HITPOINT WARNING * * *
The entropy weaver completely misses you.
The entropy weaver barely misses you. The wolf spider simulacrum hits you.
* * * LOW HITPOINT WARNING * * *
The wolf spider simulacrum freezes you!!
You die...

▓▓▓▓▓.▓▓▓▓▓
▓▓.........▓
▓▓...........
▓▓............
▓.............
▓......°.§§..?
▓▓.....yw§§§§.$
▓..∩..Z@y§§§§§?
▓▓.....BZ§§°§§[
▓......§§.....
▓.............
▓▓............
▓▓...........
▓▓.........▓
▓▓▓▓▓.▓▓▓▓▓


You could see 2 ghost moths, an entropy weaver (soul bound), a torpor snail
(soul bound), a wolf spider simulacrum and a steelbarb worm simulacrum.

Vanquished Creatures
  Mara (Swamp:3)
  Sojobo (Vaults:4)
  A bone dragon (Depths:1)
  Asterion (Vaults:1)
  2 tentacled monstrosities (Vaults:5)
  2 liches (Depths:1)
  2 deep elf master archers (Elf:3)
  Rupert (Snake:1)
  4 titans
  3 deep elf blademasters
  6 sphinxes
  6 tengu reavers
  A storm dragon (Vaults:4)
  2 shadow dragons
  Donald (Snake:1)
  8 nagarajas
  A fenstrider witch (Swamp:3)
  8 fire giants
  Aizul (Snake:3)
  6 deep elf sorcerers
  3 frost giants
  15 vault wardens
  2 iron dragons
  Louise (D:15)
  2 balrugs
  An orc warlord (Vaults:1)
  8 deep elf elementalists (Elf:3)
  2 ghouls (Swamp:1)
  13 ironbound preservers
  12 stone giants
  7 very ugly things
  2 ironbound thunderhulks
  2 war gargoyles
  A vampire knight (Vaults:3)
  15 deep elf annihilators
  8 deep elf demonologists
  6 eleionomae
  Nessos (Lair:5)
  Azrael (D:15)
  6 bunyips
  4 spark wasps (Depths:1)
  10 dire elephants
  An orange crystal statue (WizLab)
  6 deep elf death magi
  A blizzard demon (Depths:1)
  2 crystal guardians (Vaults:4)
  9 ettins
  4 shambling mangroves
  16 yaktaur captains
  An entropy weaver (Vaults:2)
  A fire dragon (Depths:1)
  6 deep elf high priests
  Josephine (D:15)
  7 great orbs of eyes
  2 ice dragons
  19 hydras
  A ghost crab (Swamp:4)
  2 peacekeepers (Vaults:4)
  An ogre mage (Vaults:5)
  3 salamander tyrants
  Erica (D:8)
  2 spriggan air magi (Depths:1)
  A catoblepas (D:15)
  8 anacondas
  A hell beast (Depths:1)
  11 alligators
  A rakshasa (Depths:1)
  20 centaur warriors
  34 vault guards
  3 two-headed ogres
  8 boulder beetles
  8 ironbound frosthearts
  A deep troll earth mage (Depths:1)
  12 death yaks
  3 deep troll shamans (Depths:1)
  2 hell hogs
  5 tengu warriors
  9 naga warriors
  29 dancing weapons
  15 naga sharpshooters
  4 orc high priests
  12 shock serpents
  Sonja (Orc:1)
  21 deep elf knights
  2 hell knights
  A skyshark (Lair:3)
  5 iron trolls (Depths:1)
  Amaemon (D:8)
  13 salamander mystics
  4 skeletal warriors
  A sun moth (Zig:7)
  A pharaoh ant (Zig:7)
  6 goliath frogs
  A sea snake (shapeshifter) (Zig:5)
  37 deep trolls
  A flayed ghost (Vaults:5)
  7 naga ritualists
  8 bog bodies
  5 spriggan druids
  15 ironbound convokers
  11 swamp dragons
  4 phantasmal warriors
  3 glowing orange brains
  4 wizards
  A steelbarb worm (Zig:7)
  19 deep elf archers
  13 lindwurms
  2 necromancers
  41 deep elf zephyrmancers
  9 orc knights
  27 deep elf pyromancers
  9 mana vipers
  3 orc sorcerers
  12 cyclopes
  4 will-o-the-wisps
  A stone giant zombie (D:15)
  2 wolf spiders
  19 ugly things
  A faun (shapeshifter) (Zig:5)
  2 manticores
  19 salamanders
  An elephant (shapeshifter) (D:13)
  A cyclops (shapeshifter) (D:15)
  27 black mambas
  7 elephants
  18 vault sentinels
  8 spectral spriggans (Swamp:1)
  11 guardian serpents
  Joseph (D:7)
  A torpor snail (Lair:4)
  A frost giant skeleton (D:15)
  12 naga magi
  Maggie (D:8)
  An unseen horror (D:13)
  11 cane toads
  A cane toad (shapeshifter) (D:15)
  A gargoyle (D:12)
  An orange demon (D:8)
  A hellion (Zig:4)
  An unseen horror (shapeshifter) (D:15)
  An efreet (D:15)
  7 rime drakes
  13 komodo dragons
  40 yaktaurs
  A freezing wraith (Swamp:1)
  A tengu conjurer (Depths:1)
  6 trolls
  8 polar bears
  4 bloated husks
  20 hornets
  3 meliai (D:13)
  A troll (shapeshifter) (Vaults:5)
  A spriggan zombie (D:15)
  2 tarantellas
  12 blink frogs
  8 tyrant leeches
  A blink frog (shapeshifter) (Vaults:3)
  A raiju (shapeshifter) (D:15)
  11 dream sheep
  34 slime creatures
  6 air elementals
  2 jumping spiders
  A spriggan (shapeshifter) (Vaults:5)
  2 centaur simulacra
  8 wraiths
  18 spriggans
  4 shadows
  A ynoxinul (Snake:1)
  The ghost of Radiant the Poker, an amateur TrGl of Uskayaw (D:3)
  5 fire elementals (D:15)
  A vampire (D:14)
  A water elemental (Elf:2)
  6 wyverns
  4 fire bats (Depths:1)
  2 steam dragons
  42 yaks
  7 vampire mosquitoes
  2 small abominations (Abyss:2)
  3 basilisks
  32 nagas
  A floating eye (D:13)
  2 wargs
  An acid dragon (D:10)
  11 swamp worms
  15 water moccasins
  6 black bears
  8 swamp drakes
  2 hell hounds (D:15)
  46 orc warriors
  An ice beast (D:6)
  7 ogres
  6 boggarts
  24 wolves
  12 centaurs
  A phantom (D:4)
  3 kobold brigands
  10 bullfrogs
  An earth elemental (Elf:1)
  2 gnoll sergeants
  A scorpion (D:5)
  3 two-headed ogre simulacra (D:12)
  10 wights
  5 howler monkeys
  4 electric eels
  9 hounds
  A gnoll bouda (D:3)
  2 jellies
  12 orc priests
  A sleepcap (D:6)
  6 iguanas
  24 orc wizards
  2 polar bear simulacra (D:12)
  6 hell rats (Lair:2)
  A troll simulacrum (D:12)
  9 adders
  17 gnolls
  2 naga simulacra (D:12)
  A river rat (Sewer)
  4 white imps
  A worm (D:5)
  4 dart slugs
  96 orcs
  8 ball pythons
  9 endoplasms
  2 giant cockroaches (D:3)
  5 goblins
  6 hobgoblins
  6 jackals
  14 kobolds
  4 quokkas
  4 bats
  3 frilled lizards
  7 rats
1666 creatures vanquished.

Vanquished Creatures (collateral kills)
  Xtahua (Vaults:4)
  A sphinx (Vaults:5)
  2 vault wardens (Vaults:3)
  An eidolon (Vaults:3)
  A vault guard (Vaults:5)
  A jiangshi (Vaults:3)
  An orb spider (shapeshifter) (Vaults:5)
  3 lindwurms
  A vault sentinel (Vaults:5)
  A yaktaur (Vaults:2)
  A freezing wraith (Vaults:5)
14 creatures vanquished.

Vanquished Creatures (others)
  A storm dragon zombie (D:15)
  A deep elf knight (Elf:3)
  A deep elf pyromancer (Elf:3)
  A water elemental (Elf:3)
  10 foxfires
  23 fulminant prisms
  A lurking horror (Abyss:2)
  A spectral weapon (Lair:5)
39 creatures vanquished.

Grand Total: 1719 creatures vanquished

Notes
Turn   | Place    | Note
-------+----------+-------------------------------------------
     0 | D:1      | mortz the Djinni Conjurer began the quest for the Orb.
     0 | D:1      | mortz set off with the following spells memorised: Magic
                  | Dart, Searing Ray, Dazzling Flash, Fulminant Prism,
                  | Iskenderun's Mystic Blast.
     0 | D:1      | Reached XP level 1. HP: 15/15 MP: 0/0
   230 | D:1      | Reached XP level 2. HP: 20/21 MP: 0/0
   585 | D:1      | Reached XP level 3. HP: 20/25 MP: 0/0
   585 | D:1      | Learned a level 1 spell: Kiss of Death
   845 | D:2      | Found Deleosh's Weapon Shoppe.
  1107 | D:2      | Found a burning altar of Makhleb.
  1144 | D:2      | Became a worshipper of Makhleb the Destroyer
  1308 | D:2      | Identified the +2 pair of gloves "Duoquow" {Regen+}
  1650 | D:3      | Reached XP level 4. HP: 31/31 MP: 0/0
  1699 | D:3      | Noticed Radiant's ghost (amateur TrGl)
  1725 | D:3      | Found a glowing drain.
  1741 | Sewer    | Entered a sewer
  1796 | Sewer    | Reached * piety under Makhleb
  1796 | Sewer    | Noticed a kobold brigand
  1800 | Sewer    | Noticed a kobold brigand
  1810 | Sewer    | Killed a kobold brigand
  1811 | Sewer    | Reached skill level 5 in Spellcasting
  1811 | Sewer    | Reached XP level 5. HP: 32/35 MP: 0/0
  1811 | Sewer    | Learned a level 2 spell: Blink
  1814 | Sewer    | Killed a kobold brigand
  1815 | Sewer    | Reached XP level 6. HP: 35/40 MP: 0/0
  1838 | Sewer    | Found a white marble altar of Elyvilon.
  1957 | D:3      | Found a runed translucent door.
  2234 | D:4      | HP: 16/40 [gnoll bouda/+0 whip (8)]
  2252 | D:3      | Reached XP level 7. HP: 34/45 MP: 0/0
  2252 | D:3      | Learned a level 2 spell: Wereblood
  2400 | D:4      | Found a staircase to the Ecumenical Temple.
  2412 | Temple   | Entered the Ecumenical Temple
  2668 | D:4      | Found an iron altar of Okawaru.
  2689 | D:4      | Found a broken altar of Ashenzari.
  2693 | D:4      | Found a sparkling altar of Nemelex Xobeh.
  2874 | D:5      | Entered Level 5 of the Dungeon
  2974 | D:5      | Found an ornate altar of the Wu Jian Council.
  3211 | D:5      | Reached XP level 8. HP: 46/50 MP: 0/0
  3244 | D:5      | Reached ** piety under Makhleb
  3352 | D:5      | Identified the +7 dagger "Kush" {spect, rElec Will+ Int+2}
  4119 | D:6      | Reached XP level 9. HP: 55/55 MP: 0/0
  4119 | D:6      | Learned a level 3 spell: Frozen Ramparts
  4462 | D:6      | Noticed a manticore
  4468 | D:6      | HP: 20/55 [ice beast (15)]
  4470 | D:6      | Killed a manticore
  4504 | D:6      | Noticed a skeletal warrior
  4528 | D:6      | Killed a skeletal warrior
  4812 | D:7      | Reached skill level 10 in Spellcasting
  4812 | D:7      | Reached XP level 10. HP: 58/60 MP: 0/0
  5092 | D:7      | Reached *** piety under Makhleb
  5093 | D:7      | Reached skill level 1 in Armour
  5149 | D:7      | Noticed Joseph
  5158 | D:7      | HP: 24/60 [Joseph/sling bullet (9)]
  5160 | D:7      | Killed Joseph
  5821 | D:8      | Noticed Amaemon
  5821 | D:8      | Noticed an orange demon
  5849 | D:8      | Killed Amaemon
  6023 | D:8      | Noticed Erica
  6035 | D:8      | Killed Erica
  6036 | D:8      | Reached skill level 5 in Armour
  6213 | D:8      | Killed an orange demon
  6214 | D:8      | Reached XP level 11. HP: 65/65 MP: 0/0
  6214 | D:8      | Learned a level 5 spell: Freezing Cloud
  6548 | D:9      | Found a glowing silver altar of Zin.
  6820 | D:9      | Found Ytawomet's Overcharged Wands.
  6830 | D:9      | Reached **** piety under Makhleb
  6863 | D:8      | Noticed Maggie
  6869 | D:8      | Killed Maggie
  6895 | D:8      | Reached skill level 5 in Invocations
  7026 | D:9      | Found a staircase to the Lair.
  7379 | D:10     | Entered Level 10 of the Dungeon
  7504 | D:10     | Found a portal to a secret trove of treasure.
  7511 | Trove    | Entered a treasure trove
  7637 | D:10     | Noticed a two-headed ogre
  7644 | D:10     | Killed a two-headed ogre
  8037 | D:10     | Reached XP level 12. HP: 69/70 MP: 0/0
  8107 | D:10     | Reached skill level 1 in Evocations
  8376 | D:10     | Found a staircase to the Orcish Mines.
  8965 | D:11     | Found a stormy altar of Qazlal.
  9176 | D:11     | Found Vony's Assorted Antiques.
  9195 | D:11     | Bought a blue potion for 18 gold pieces
  9316 | Lair:1   | Entered Level 1 of the Lair of Beasts
  9502 | Lair:1   | Noticed a death yak
  9502 | Lair:1   | Noticed a death yak
  9508 | Lair:1   | Noticed a death yak
  9510 | Lair:1   | Killed a death yak
  9510 | Lair:1   | Noticed a death yak
  9511 | Lair:1   | Reached skill level 5 in Dodging
  9512 | Lair:1   | Killed a death yak
  9515 | Lair:1   | Noticed a death yak
  9517 | Lair:1   | Killed a death yak
  9557 | Lair:1   | Killed a death yak
  9703 | Lair:1   | Reached XP level 13. HP: 68/75 MP: 0/0
  9703 | Lair:1   | Learned a level 5 spell: Alistair's Intoxication
  9745 | Lair:1   | Identified the +2 rapier "Zigawn" {speed, Fly rN+ Dex-3}
  9863 | Lair:1   | Reached skill level 5 in Evocations
 10226 | Lair:2   | Found a staircase to the Snake Pit.
 10257 | Lair:2   | Reached skill level 5 in Stealth
 10700 | Lair:1   | HP: 29/75 [death yak (11)]
 10828 | Lair:2   | Identified the +3 dagger of Cheibriados, Howling {heavy,
                  | Will+}
 10987 | Lair:2   | HP: 33/75 [death yak (8)]
 10989 | Lair:2   | HP: 1/75 [death yak (15)]
 11417 | Lair:2   | Found a staircase to the Snake Pit.
 12335 | Snake:1  | Entered Level 1 of the Snake Pit
 12524 | Lair:3   | Noticed a five-headed hydra
 12558 | Lair:3   | Killed a five-headed hydra
 12603 | Lair:3   | HP: 36/76 [elephant (12)]
 12667 | Lair:3   | Found a staircase to the Swamp.
 12667 | Lair:3   | Noticed a six-headed hydra
 12672 | Lair:3   | Killed a six-headed hydra
 12715 | Lair:3   | Reached skill level 1 in Fighting
 12752 | Lair:3   | HP: 18/76 [boulder beetle (34)]
 12753 | Lair:3   | Noticed a six-headed hydra
 12758 | Lair:3   | Reached skill level 1 in Short Blades
 12758 | Lair:3   | Reached skill level 10 in Invocations
 12759 | Lair:3   | Killed a six-headed hydra
 12812 | Lair:3   | Reached XP level 14. HP: 83/83 MP: 0/0
 13950 | Lair:4   | Found a runed translucent door.
 13952 | Lair:4   | Found a staircase to the Slime Pits.
 14325 | Lair:4   | You are sucked into a shaft and drop 1 floor!
 14325 | Lair:5   | Entered Level 5 of the Lair of Beasts
 14349 | Lair:4   | Reached ***** piety under Makhleb
 15011 | Lair:5   | Found a transporter.
 15258 | Lair:5   | Found a transporter.
 15267 | Lair:5   | Found a bloodstained altar of Trog.
 15268 | Lair:5   | Noticed Kranky's ghost (journeyman MiBe)
 15530 | Lair:5   | Noticed Nessos
 15747 | Lair:5   | HP: 21/87 [Nessos/arrow (21)]
 15749 | Lair:5   | Killed Nessos
 15887 | Lair:5   | HP: 38/87 [death yak (9)]
 15896 | Lair:5   | Reached XP level 15. HP: 58/92 MP: 0/0
 15896 | Lair:5   | Learned a level 6 spell: Dispersal
 16034 | Lair:5   | Reached skill level 10 in Dodging
 16661 | D:3      | Killed Radiant's ghost
 16992 | D:12     | Found Onoir's General Store.
 16993 | D:12     | Found a broken altar of Ashenzari.
 17002 | D:12     | Bought a scroll of teleportation for 39 gold pieces
 17002 | D:12     | Bought a scroll of identify for 26 gold pieces
 17002 | D:12     | Bought a potion of haste for 130 gold pieces
 17262 | D:12     | Found Ride's Book Boutique.
 17680 | D:12     | Found Feliq's Magic Scroll Shop.
 17797 | Orc:1    | Entered Level 1 of the Orcish Mines
 17832 | Orc:1    | Noticed Sonja
 17835 | Orc:1    | Killed Sonja
 18002 | Orc:2    | Entered Level 2 of the Orcish Mines
 18002 | Orc:2    | Found Etraloc's Vocational Training.
 18062 | Orc:2    | Reached skill level 10 in Armour
 18251 | Orc:2    | Reached ****** piety under Makhleb
 18715 | Orc:2    | Found Muycaotre's Assorted Antiques.
 18715 | Orc:2    | Found Orynlet's Book Emporium.
 18715 | Orc:2    | Found Kanturoj's Armour Shoppe.
 18741 | Orc:2    | Found Zixue's Armour Boutique.
 18988 | Orc:2    | Found a staircase to the Elven Halls.
 19622 | D:13     | HP: 47/95 [cyclops/large rock (16)]
 19625 | D:13     | Reached XP level 16. HP: 62/101 MP: 0/0
 19733 | D:13     | Reached skill level 5 in Fighting
 19733 | D:13     | HP: 47/102 [meliai/divine providence (12)]
 19892 | D:13     | Found a transporter.
 19915 | D:13     | Reached skill level 10 in Evocations
 19970 | D:13     | Identified the +3 pair of boots of the Iron Devil {Fly
                  | rCorr Str+4}
 20021 | D:13     | Found a transporter.
 20290 | D:14     | Found a gate to the Vaults.
 20329 | D:14     | Reached skill level 5 in Short Blades
 20355 | D:13     | Upgraded the game from 0.30.1-4-g462c640d31 to
                  | 0.30.1-5-ged363bc7ee
 20639 | D:14     | HP: 40/103 [cloud of freezing vapour (19)]
 20812 | D:14     | Found a white marble altar of Elyvilon.
 21039 | D:14     | Found Xuat's Neck Hole.
 21243 | D:15     | Entered Level 15 of the Dungeon
 21243 | D:15     | Noticed Josephine
 21410 | D:15     | Killed Josephine
 21452 | D:15     | Reached skill level 10 in Stealth
 21466 | D:15     | HP: 48/103 [cyclops/large rock (21)]
 21528 | D:15     | Found a staircase to the Depths.
 21662 | D:15     | Noticed Louise
 22173 | Abyss:2  | Cast into level 2 of the Abyss (Louise)
 22267 | Abyss:2  | Gained mutation: Armour fits poorly on your strangely
                  | shaped body. [a neqoxec]
 22268 | Abyss:2  | Gained mutation: Your spells are a little easier to cast,
                  | but a little less powerful. [a neqoxec]
 22270 | Abyss:2  | HP: 37/97 [hellwing (11)]
 22273 | Abyss:2  | HP: 18/97 [lurking horror (15)]
 22281 | Abyss:2  | HP: 6/97 [guardian serpent (shapeshifter) (10)]
 22356 | Abyss:2  | Found a corrupted altar of Lugonu.
 22364 | Abyss:2  | Fell from the grace of Makhleb
 22364 | Abyss:2  | Became a worshipper of Lugonu the Unformed
 22364 | Abyss:2  | Reached * piety under Lugonu
 22364 | Abyss:2  | Reached ** piety under Lugonu
 22365 | D:15     | Escaped the Abyss
 22588 | Swamp:1  | Entered Level 1 of the Swamp
 22643 | Swamp:1  | Reached XP level 17. HP: 99/106 MP: 0/0
 22643 | Swamp:1  | Learned a level 7 spell: Malign Gateway
 23026 | Swamp:1  | Banished an Executioner
 23259 | Swamp:1  | HP: 38/109 [spore (21)]
 23356 | Swamp:1  | Banished an Executioner
 23732 | Swamp:2  | Found the +7 sceptre of Torment {pain, torment}
 23761 | Swamp:2  | Upgraded the game from 0.30.1-5-ged363bc7ee to
                  | 0.30.1-6-gbe392663c4
 24070 | Swamp:2  | Reached *** piety under Lugonu
 24725 | Swamp:3  | Paralysed by a fenstrider witch for 4 turns
 24757 | Swamp:3  | HP: 46/111 [constriction (19)]
 24765 | Swamp:3  | Noticed Mara
 24843 | Swamp:3  | Killed Mara
 25156 | Swamp:4  | Entered Level 4 of the Swamp
 25163 | Swamp:4  | Reached skill level 15 in Spellcasting
 25164 | Swamp:4  | Reached **** piety under Lugonu
 25165 | Swamp:4  | Reached XP level 18. HP: 77/118 MP: 0/0
 25789 | Swamp:4  | Reached ***** piety under Lugonu
 26097 | Swamp:4  | Got a decaying rune of Zot
 26255 | Lair:2   | Upgraded the game from 0.30.1-6-gbe392663c4 to
                  | 0.30.1-8-g117510f58f
 26912 | Snake:1  | Found Reeseice's Distillery.
 26946 | Snake:1  | Bought a potion of brilliance for 80 gold pieces
 27010 | Snake:1  | Noticed Donald
 27023 | Snake:1  | Killed Donald
 27267 | Snake:1  | Reached skill level 1 in Shields
 27301 | Snake:1  | Identified the +3 short sword "Orb Guardian's Doom" {holy,
                  | *Noise rF+ rC+ Will++ rCorr}
 27353 | Snake:1  | Noticed Rupert
 27369 | Snake:1  | Killed Rupert
 27520 | Snake:1  | Was forgiven by Makhleb
 28142 | Snake:2  | Reached XP level 19. HP: 119/124 MP: 0/0
 28142 | Snake:2  | Learned a level 6 spell: Starburst
 28614 | Snake:3  | Noticed Aizul
 28628 | Snake:3  | Killed Aizul
 28760 | Snake:3  | Reached skill level 15 in Dodging
 29139 | Snake:3  | Found Axkom's Firing Range.
 29265 | Snake:4  | Entered Level 4 of the Snake Pit
 29332 | Snake:4  | Reached ****** piety under Lugonu
 29956 | Snake:4  | Found Oxaicytu's Armour Boutique.
 29956 | Snake:4  | Found the ring of Shadows {Umbra +Inv Stlth+}
 29958 | Snake:4  | Found Uryurgh's Distillery.
 29960 | Snake:4  | Found Leram's Jewellery Boutique.
 29972 | Snake:4  | Bought a potion of heal wounds for 80 gold pieces
 29972 | Snake:4  | Bought a potion of brilliance for 64 gold pieces
 29972 | Snake:4  | Bought a potion of heal wounds for 80 gold pieces
 29972 | Snake:4  | Bought a potion of brilliance for 64 gold pieces
 29974 | Snake:4  | Bought an amulet of regeneration for 450 gold pieces
 31083 | Snake:4  | Reached skill level 15 in Invocations
 31117 | Snake:4  | Reached XP level 20. HP: 89/133 MP: 0/0
 31122 | Snake:4  | Reached skill level 5 in Shields
 31228 | Snake:4  | Got a serpentine rune of Zot
 31528 | Vaults:1 | Entered Level 1 of the Vaults
 32039 | Vaults:1 | Noticed Asterion
 32057 | Vaults:1 | Killed Asterion
 32805 | Vaults:1 | Reached skill level 15 in Evocations
 33217 | Vaults:2 | Found a magical portal.
 33226 | WizLab   | Entered Wucad Mu's Monastery
 33777 | WizLab   | Found the crystal ball of Wucad Mu {*channel}
 33992 | WizLab   | Reached XP level 21. HP: 140/140 MP: 0/0
 33992 | WizLab   | Learned a level 7 spell: Orb of Destruction
 34332 | Vaults:2 | Reached skill level 10 in Fighting
 34401 | Vaults:2 | Reached skill level 1 in Long Blades
 34401 | Vaults:2 | Reached XP level 22. HP: 148/148 MP: 0/0
 34646 | Vaults:2 | Reached XP level 23. HP: 139/154 MP: 0/0
 34646 | Vaults:2 | Learned a level 7 spell: Haunt
 35929 | Vaults:3 | Found a staircase to the Crypt.
 36073 | Vaults:3 | Identified the ring "Viobbeuc" {MP+9 Int+4}
 36264 | Vaults:3 | Identified the +6 quarterstaff of Suicidal Tendencies
                  | {distort, Will+}
 36382 | Vaults:3 | Found Xaroikhi's Magic Scroll Shoppe.
 37398 | Vaults:4 | Found Opuyqoy's Armour Shoppe.
 37521 | Vaults:4 | Noticed Sojobo
 37534 | Vaults:4 | Killed Sojobo
 38089 | Vaults:4 | Noticed Xtahua
 38125 | Vaults:4 | Killed Xtahua
 38180 | Vaults:4 | Reached XP level 24. HP: 140/165 MP: 0/0
 38400 | Vaults:5 | Entered Level 5 of the Vaults
 38409 | Vaults:5 | Reached skill level 5 in Long Blades
 39175 | Vaults:5 | Noticed an ancient lich
 39235 | Vaults:5 | Got a silver rune of Zot
 39538 | Vaults:5 | Identified the +0 ice dragon scales "Tuggaj" {rPois rF-
                  | rC++}
 40636 | Elf:1    | Entered Level 1 of the Elven Halls
 40731 | Elf:1    | Reached XP level 25. HP: 168/175 MP: 0/0
 40731 | Elf:1    | Learned a level 8 spell: Necromutation
 41180 | Elf:1    | Reached skill level 10 in Shields
 41694 | Elf:2    | Paralysed by an air elemental for 1 turns
 41755 | Elf:2    | Found a flickering gateway to a bazaar.
 41763 | Bazaar   | Entered a bazaar
 41765 | Bazaar   | Found Temaffud's Antique Armour Boutique.
 41769 | Bazaar   | Found Qophev's Antique Armour Boutique.
 41769 | Bazaar   | Found Jugiqucs's Jewellery Boutique.
 41770 | Bazaar   | Found Coybusiso's Weapon Boutique.
 41780 | Bazaar   | Bought an embroidered hat for 196 gold pieces
 42205 | Elf:2    | Upgraded the game from 0.30.1-8-g117510f58f to
                  | 0.30.1-9-gdf580d7c3d
 42299 | Elf:2    | Found a runed translucent gate.
 42299 | Elf:2    | Found a runed translucent gate.
 42300 | Elf:2    | Found a runed translucent gate.
 44001 | Elf:3    | Entered Level 3 of the Elven Halls
 44353 | Elf:3    | Reached skill level 15 in Fighting
 44401 | Elf:3    | Identified the +2 quarterstaff "Kesath" {heavy, *Corrode
                  | rElec Int+6 Dex-4}
 44728 | Elf:3    | Identified the +7 sling "Vioxoziul" {speed, rElec rC+}
 44728 | Elf:3    | Identified the +5 great sword "Qiesaoh" {heavy, rF+ rC- rN+
                  | SInv}
 45489 | Elf:3    | Identified the +1 hand axe "Ynteridd" {spect, Fly rF+++
                  | Str-3 Int-2}
 45496 | Elf:3    | Reached XP level 26. HP: 157/175 MP: 0/0
 45496 | Elf:3    | Identified the +5 shortbow "Ecawneas" {freeze, rElec Will+
                  | Int+3}
 45496 | Elf:3    | Identified the ring "Sauhut" {Fire Dex+2}
 45570 | Elf:3    | Identified the +3 bardiche of Balance {heavy, rElec Will+}
 45571 | Elf:3    | Reached XP level 27. HP: 186/186 MP: 0/0
 45571 | Elf:3    | Learned a level 9 spell: Chain Lightning
 45946 | Elf:3    | Identified the staff of fire "Dithrexu" {rF+ Will+ Dex+4}
 45946 | Elf:3    | Identified the +0 acid dragon scales of the Tanner {Rampage
                  | rCorr Int-2 Dex+3}
 45955 | Elf:3    | Found the +2 cloak of the Thief {*Fog Slay-2 SInv Stlth+}
 45988 | Elf:3    | Identified the staff of air "Gojies" {rElec Dex+2}
 46017 | Elf:3    | Identified the +8 chain mail of Mezcal {rElec rN+ MP-9}
 46381 | D:15     | Killed Louise
 46493 | D:15     | Noticed Azrael
 46498 | D:15     | Killed Azrael
 47052 | Depths:1 | Entered Level 1 of the Depths
 47067 | Depths:1 | Found a one-way gateway to a ziggurat.
 47367 | Depths:1 | Found a gateway to Hell.
 48250 | Depths:1 | Found the +4 Cigotuvi's embrace {Corpsefed rMiasma Drain
                  | rN+}
 48259 | Depths:1 | Identified the +2 spear "Biv Worgh" {venom, +Blink Will+
                  | MP-9 Int+3}
 48266 | Depths:1 | Identified the ring "Keuvvuus" {rElec rF++ rCorr EV+5
                  | Stlth-}
 48268 | Depths:1 | Identified the staff of poison "Gouzoraidgh" {rPois rCorr}
 48476 | Zig:1    | Entered Level 1 of a ziggurat
 48598 | Zig:2    | Entered Level 2 of a ziggurat
 48654 | Zig:3    | Entered Level 3 of a ziggurat
 48783 | Zig:4    | Entered Level 4 of a ziggurat
 48860 | Zig:5    | Entered Level 5 of a ziggurat
 48896 | Zig:5    | Identified the +4 shortbow "Kesir" {flame, rC- rCorr Str+8
                  | Dex+3}
 48914 | Zig:6    | Entered Level 6 of a ziggurat
 48971 | Zig:6    | Identified the +5 short sword of Uskayaw, Nurturing {heavy,
                  | Stlth+}
 49099 | Zig:7    | Entered Level 7 of a ziggurat
 49114 | Zig:7    | Mangled by a wolf spider simulacrum

Illustrated notes

Levels and vault maps discovered:
D:1:      dpeg_arrival_arbitrary_a, layout_loops_ring
D:2:      layout_basic, basic_altar, serial_shops, shop, minmay_statues_item,
          skrybe_limestone_x, nicolae_concentric_dashed_squares_wild,
          st_stairs_1
D:3:      layout_rooms, portal_sewer_entry_f, hellmonk_ghost_happy_afterlife
D:4:      layout_rooms, grunt_temple_overflow_open,
          minmay_temple_entry_butterflies, st_stairs_10
D:5:      layout_loops_ring, nzn_wu_jian_council_hall, minmay_crystal_water
D:6:      layout_basic, minmay_three_doors
D:7:      layout_gridville, uniq_joseph
D:8:      nicolae_cairo_tiling_large_dashed, layout_loops_corners, uniq_erica,
          uniq_maggie, uniq_amaemon
D:9:      layout_rooms, amcnicky_altar_gilded, erik_lair_island,
          nicolae_shop_overcharged_wands
D:10:     minmay_spotlight, layout_long_grid, erik_orc_1, enter_trove_0,
          serial_ice, serial_ice_d, serial_ice_g, serial_ice_i, serial_ice_h,
          kennysheep_crisscross
D:11:     layout_rooms, serial_shops, shop, nicolae_qazlal_general_emergency
D:12:     layout_rooms, serial_shops, nicolae_shop_back_alley_shop, shop,
          shop_statue, portal_ice_cave_entry_ice_simulacra, ashenzari_altar_1
D:13:     gammafunk_beogh_shrine, layout_basic, onia_ninara_cookie
D:14:     layout_basic, erik_vaults_2, nicolae_elyvilon_temple_path,
          nicolae_shop_sticking_my_neck_out
D:15:     gammafunk_depths_entry_grave, layout_layer_cave, bh_walls_and_bars,
          st_stairs_13, corexii_corridor_pit, minmay_misc_feat_more_columns,
          kb_rosetta, uniq_azrael, uniq_louise, uniq_josephine
Temple:   bh_familiar_temple
Lair:1:   layout_regular_city
Lair:2:   layout_cellular_growth, dummy_snake_entry, serial_rivers,
          chequers_serial_rivers_micro_e, chequers_serial_rivers_small_3,
          chequers_serial_rivers_micro_a, chequers_serial_rivers_marsh,
          chequers_serial_rivers_micro_a, chequers_serial_rivers_micro_e,
          grunt_forest_small_clearing_treed
Lair:3:   layout_roguey, minmay_swamp_entry_reptiles, nzn_random_ring
Lair:4:   layout_cave_pods, slime_entry_2
Lair:5:   minmay_lair_end_enchanted_forest, layout_regular_city,
          gammafunk_ghost_wrathful_warriors, lemuel_fruit_tree, uniq_nessos
Swamp:1:  nicolae_swamp_flooded_prison, layout_basic_swamp,
          evilmike_swamp_ruin_house_2, infiniplex_staircase_pool_2
Swamp:2:  layout_basic_swamp, nicolae_swamp_some_circles
Swamp:3:  layout_basic_swamp, hangedman_swamp_ruin_wall, uniq_mara
Swamp:4:  swamp_alternative, layout_basic_swamp
Snake:1:  cheibrodos_snake_lava_hold, layout_layer_cave, serial_shops,
          nicolae_shop_pleasant_corner_grove, uniq_rupert, uniq_donald
Snake:2:  layout_misc_corridors, st_stairs_9, serial_bayou_pond_c
Snake:3:  nicolae_aizul_guard, layout_onion, nicolae_shop_firing_range
Snake:4:  snake_pit_salamanders_mu, layout_chambers, minmay_shop_star
Orc:1:    layout_diamond_mine, uniq_sonja
Orc:2:    st_orc_rangers, layout_diamond_mine, nicolae_shop_vocational
Elf:1:    eino_elf_arrival_the_gate, layout_gridlike, minmay_elf_annihilation,
          roderic_lattice_octagonal_star
Elf:2:    elven_hall_of_blades_hangedman_original
          [infiniplex_blade_entry_pillars], layout_geoelf_grid, serial_shops,
          bzr_entry_road
Elf:3:    grunt_elf_hall_spiral, layout_geoelf_octagon
Vaults:1: vaults_mumra_chevron, nicolae_vaults_variable_pillar_hall,
          vaults_room_ringed_pool, v_misc_5, nicolae_vaults_border_crossing,
          ontoclasm_vaults_gateway, nicolae_vaults_stepped_doors,
          nicolae_vaults_layer_cake_slice, vaults_room_fancy_cross, v_misc_27,
          nicolae_vaults_theta, nicolae_vaults_little_squares_4,
          hangedman_vaults_restitches, nicolae_vaults_tetromino_T_1, v_rooms_4,
          layout_vaults_omnibox, uniq_asterion
Vaults:2: mu_enter_wizlab_6, nicolae_vaults_storage_closets_3, v_misc_30,
          grunt_vaults_twisty, vaults_mumra_lcd, v_alt_pattern_6,
          nicolae_vaults_asterisk, vaults_room_corners,
          nicolae_vaults_little_ls, layout_vaults_omnigrid, uniq_margery
Vaults:3: minmay_crypt_entry_simple_plaza, nicolae_vaults_little_squares_3,
          nicolae_vaults_storage_closets_1, nicolae_vaults_three_branches,
          ontoclasm_vaults_ligature, nicolae_vaults_trapezoid_3,
          nicolae_vaults_prndl, dpeg_vaults_hating_casters,
          nicolae_vaults_diamond_1, layout_vaults_chaotic_city, serial_shops,
          shop
Vaults:4: v_misc_1, nicolae_vaults_tetromino_L_2,
          nicolae_vaults_more_shelving_2, vaults_room_grid, v_pattern_5,
          nicolae_vaults_taking_the_gang_shopping,
          nicolae_vaults_diffraction_hallways, nicolae_vaults_triangles,
          nicolae_vaults_apartment_2, nicolae_vaults_back_hallway,
          ontoclasm_vaults_spin, nicolae_vaults_apartment_1, layout_vaults_ring,
          uniq_xtahua, uniq_sojobo
Vaults:5
Depths:1: minmay_the_grid_plus [minmay_the_grid_expand, minmay_the_grid_garden,
          minmay_the_grid_embedded, minmay_the_grid_tiny_cups,
          minmay_the_grid_prize_diamond_cup], layout_cave_pools,
          enter_ziggurat_e, grunt_mini_vestibule, serial_co_window_serial,
          co_window_of_opportunity_a, co_window_corner_a, co_window_paths_a,
          co_window_paths_b, co_window_corner_a, co_window_corner_a,
          co_window_paths_b, co_window_corner_cb, co_window_corner_b,
          co_window_corner_b, glass_columns_b, glass_columns_a, glass_columns_b,
          nicolae_sif_muna_condensation
Zig:7

Skill      XL: |  1  2  3  4  5  6  7  8  9 10 11 12 13 14 15 16 17 18 19 20 21 22 23 24 25 26 27 |
---------------+----------------------------------------------------------------------------------+-----
Spellcasting   | 4 5 6 7 8 10 11 12 13 14 15 16 17 18 19 | 19.8
Invocations    | 4 6 8 10 11 12 13 14 15 16 17 18 | 18.4
Armour         | 5 7 8 9 10 11 | 11.6
Evocations     | 4 7 8 9 10 11 13 14 15 16 17 18 19 | 19.2
Stealth        | 4 6 8 9 10 11 12 | 12.0
Dodging        | 5 8 9 11 12 13 14 15 | 15.4
Fighting       | 1 3 4 6 7 8 9 10 12 14 15 16 | 16.2
Short Blades   | 1 3 4 5 6 7 8 9 |  9.9
Shields        | 2 4 6 8 9 11 12 14 | 14.2
Long Blades    | 1 4 6 7 8 |  8.9

Action                     |  1- 3 |  4- 6 |  7- 9 | 10-12 | 13-15 | 16-18 | 19-21 | 22-24 | 25-27 || total
---------------------------+-------+-------+-------+-------+-------+-------+-------+-------+-------++-------
  Melee: Halberd           |       |       |     1 |       |       |       |       |       |       ||     1
         Dagger            |       |       |       |     2 |   147 |    16 |    11 |    64 |     6 ||   246
         Scimitar          |       |       |       |       |       |       |       |     3 |     5 ||     8
         Staff             |       |       |       |       |       |       |       |       |     2 ||     2
   Cast: Magic Dart        |    53 |    66 |    79 |   198 |   457 |   426 |   371 |   146 |   217 ||  2013
         Searing Ray       |     1 |    11 |    45 |    88 |    62 |    98 |    58 |    77 |    61 ||   501
         Dazzling Flash    |       |     1 |       |     1 |       |       |       |       |       ||     2
         Blink             |       |     1 |       |       |     2 |     1 |       |       |       ||     4
         Iskenderun's Myst |       |       |    10 |    55 |   135 |   309 |   308 |   242 |   298 ||  1357
         Fulminant Prism   |       |       |       |     6 |     3 |     9 |     5 |       |       ||    23
         Freezing Cloud    |       |       |       |    44 |   189 |   254 |   212 |   131 |   163 ||   993
         Alistair's Intoxi |       |       |       |       |     2 |     1 |       |       |     1 ||     4
         Dispersal         |       |       |       |       |       |     2 |       |     1 |       ||     3
         Frozen Ramparts   |       |       |       |       |       |     1 |       |     2 |       ||     3
         Starburst         |       |       |       |       |       |       |    10 |    25 |     8 ||    43
         Haunt             |       |       |       |       |       |       |       |    17 |       ||    17
         Orb of Destructio |       |       |       |       |       |       |       |    10 |   119 ||   129
         Necromutation     |       |       |       |       |       |       |       |       |     1 ||     1
 Invoke: Major Destruction |       |       |       |       |     2 |     2 |       |       |       ||     4
         Depart the Abyss  |       |       |       |       |       |     1 |       |       |       ||     1
         Banish            |       |       |       |       |       |       |     1 |    14 |     3 ||    18
  Evoke: Wand              |       |       |       |       |       |       |       |       |     2 ||     2
    Use: Scroll            |     2 |       |    11 |     6 |     8 |     5 |     8 |     5 |     7 ||    52
         Potion            |       |       |       |       |     3 |     2 |     5 |     6 |     2 ||    18
   Stab: Distracted        |       |       |       |       |     1 |     1 |       |     1 |       ||     3
         Sleeping          |       |       |       |       |     1 |     1 |     8 |    20 |     7 ||    37
 Armour: Robe              |     1 |     8 |    12 |       |       |       |       |       |       ||    21
         Leather armour    |       |       |     6 |     2 |       |       |       |       |       ||     8
         Scale mail        |       |       |       |    20 |       |       |       |       |       ||    20
         Steam dragon scal |       |       |       |    17 |       |       |       |       |       ||    17
         Acid dragon scale |       |       |       |    11 |   126 |       |       |       |       ||   137
         Troll leather arm |       |       |       |       |    14 |   105 |    99 |    74 |    72 ||   364
  Dodge: Dodged            |     6 |    16 |    34 |    56 |   225 |   152 |   136 |   137 |   175 ||   937
  Block: Orb               |       |       |       |       |       |    18 |       |       |       ||    18
         Reflection        |       |       |       |       |       |    11 |    76 |    58 |    63 ||   208
         Kite shield       |       |       |       |       |       |    14 |   139 |   148 |   157 ||   458
